 Dungeon Crawl Stone Soup version 0.25-a0-1079-g858b6a6ff6 (webtiles) character file.

Game seed: 2809936956601885234, levelgen mode: deterministic

58 vurker the Sneak (level 4, 0/23 HPs)
             Began as a Vine Stalker Assassin on May 15, 2020.
             Killed by nerve-wracking pain
             ... invoked by Grinder
              (9 damage)
             ... on level 3 of the Dungeon.
             The game lasted 00:05:00 (1729 turns).

vurker the Sneak (Vine Stalker Assassin)            Turns: 1729, Time: 00:05:01

Health: 0/23       AC:  3    Str: 14    XL:     4   Next: 2%
Magic:  0/5        EV: 11    Int: 11    God:
Gold:   127        SH:  5    Dex: 16    Spells: 3/3 levels left

rFire    . . .     SeeInvis .   a - +2 dagger
rCold    . . .     Gourm    .   (no shield)
rNeg     . . .     Faith    .   i - +0 robe (curse)
rPois    .         Spirit   +   (no helmet)
rElec    .         Reflect  +   c - +0 cloak
rCorr    .         Harm     .   (no gloves)
MR       .....                  (no boots)
Stlth    +++.......             j - amulet of reflection
HPRegen  0.47/turn              (no ring)
MPRegen  0.09/turn              (no ring)

@: no status effects
A: fangs 2, regeneration 1, magic shield, antimagic bite, no potion heal 3, rot
immunity
a: no special abilities


You were on level 3 of the Dungeon.
You were hungry.

You visited 1 branch of the dungeon, and saw 3 of its levels.

You collected 127 gold pieces.

Inventory:

Hand Weapons
 a - a +2 dagger (weapon)
Missiles
 d - 7 poisoned darts (quivered)
Armour
 c - a +0 cloak (worn)
 i - a cursed +0 robe (worn)
   (You found it on level 3 of the Dungeon)
 r - a +0 ring mail
   (You found it on level 2 of the Dungeon)
Jewellery
 j - an amulet of reflection (around neck)
   (You found it on level 1 of the Dungeon)
Scrolls
 l - a scroll of magic mapping {unknown}
 m - 2 scrolls of identify {unknown}
 o - a scroll of teleportation {unknown}
 q - 2 scrolls of remove curse {unknown}
Potions
 g - 3 potions of curing {unknown}
 h - a potion of resistance {unknown}
 k - a potion of ambrosia {unknown}
 n - 2 potions of heal wounds {unknown}
 p - 2 potions of might {unknown}
 s - a potion of haste {unknown}
Comestibles
 b - 2 chunks of flesh
 e - 5 rations


   Skills:
 + Level 2.5 Fighting
 * Level 3.2 Short Blades
 - Level 1.7 Throwing
 - Level 0.7 Dodging
 - Level 4.8 Stealth


You had 3 spell levels left.
You didn't know any spells.
Your spell library was empty.

Dungeon Overview and Level Annotations

Branches:
Dungeon (3/15)

Altars:
Cheibriados
Fedhas
Ru
Vehumet

Annotations:
D:3 Grinder


Innate Abilities, Weirdness & Mutations

You have extremely sharp teeth.
Your natural rate of healing is unusually fast.
When hurt, damage is shared between your health and your magic reserves.
Your bite disrupts and absorbs the magic of your enemies.
Potions cannot restore your health.
You are immune to rotting.


Message History

Throwing (i - inventory. (/) - cycle)
f - 2 curare-tipped darts (quivered)
Aim: Grinder You throw a curare-tipped dart.
The curare-tipped dart closely misses Grinder.
Found 5 javelins.
You see here 10 gold pieces.
Throwing (i - inventory. (/) - cycle)
f - a curare-tipped dart (quivered)
Aim: Grinder You throw a curare-tipped dart.
The curare-tipped dart barely misses Grinder.
Throwing (i - inventory)
d - 14 poisoned darts (quivered)
Aim: Grinder You throw a poisoned dart.
The poisoned dart hits Grinder.
You are feeling hungry.
Grinder gestures at you.
You suddenly lose the ability to move!
Grinder gestures at you.
You shrug off the repeated paralysis!
Grinder blinks!
Grinder gestures at you. Pain shoots through your body!
You can move again.
Throwing (i - inventory)
d - 13 poisoned darts (quivered)
Aim: Grinder You throw a poisoned dart.
The poisoned dart hits Grinder.
Grinder is poisoned.
Grinder gestures at you. Pain shoots through your body!
* * * LOW HITPOINT WARNING * * *
Throwing (i - inventory)
d - 12 poisoned darts (quivered)
Aim: Grinder (lightly wounded, poisoned)
You throw a poisoned dart.
The poisoned dart completely misses Grinder.
Grinder gestures at you. You resist with significant effort.
Throwing (i - inventory)
d - 11 poisoned darts (quivered)
Aim: Grinder (lightly wounded, poisoned)
You throw a poisoned dart. The poisoned dart hits Grinder.
Throwing (i - inventory)
d - 10 poisoned darts (quivered)
Aim: Grinder (lightly wounded, poisoned)
You throw a poisoned dart. The poisoned dart hits Grinder.
Grinder looks even sicker.
Throwing (i - inventory)
d - 9 poisoned darts (quivered)
Aim: Grinder (moderately wounded, very poisoned)
You throw a poisoned dart. The poisoned dart hits Grinder.
Throwing (i - inventory)
d - 8 poisoned darts (quivered)
Aim: Grinder (moderately wounded, very poisoned)
You throw a poisoned dart. The poisoned dart hits Grinder.
Grinder gestures at you. Pain shoots through your body!
You die...

# # #........... #
#........... #
#........... #
#..[.......( #
#........... ##
#.......... .#
#......#
.############...@..#
............'......+
..#####.#####......#
#'#####.# #5.....#
.....##.# #(.....#
.....##.# (..#####
.....##.# (####
..#####.# .# ..##
#.#


You could see Grinder (very poisoned).

Vanquished Creatures
  An adder (D:2)
  A dart slug (D:2)
  A worm (D:2)
  3 leopard geckos
  6 bats
  A giant cockroach (D:3)
  2 goblins (D:1)
  6 hobgoblins
  4 jackals (D:1)
  A quokka (D:2)
  3 ball pythons
  2 frilled lizards (D:1)
  3 kobolds
  7 rats
41 creatures vanquished.

Vanquished Creatures (others)
  A fungus (D:3)
1 creature vanquished.

Grand Total: 42 creatures vanquished

Notes
Turn   | Place    | Note
-------+----------+-------------------------------------------
     0 | D:1      | vurker the Vine Stalker Assassin began the quest for the
                  | Orb.
     0 | D:1      | Reached XP level 1. HP: 11/11 MP: 2/2
   184 | D:1      | Reached XP level 2. HP: 2/15 MP: 1/3
   705 | D:1      | Reached XP level 3. HP: 15/18 MP: 2/4
  1371 | D:2      | Found a radiant altar of Vehumet.
  1371 | D:2      | Found a snail-covered altar of Cheibriados.
  1425 | D:2      | Gained mutation: Your natural rate of healing is unusually
                  | fast. [Vine Stalker growth]
  1425 | D:2      | Reached XP level 4. HP: 23/23 MP: 5/5
  1645 | D:3      | Found a blossoming altar of Fedhas.
  1677 | D:3      | Found a sacrificial altar of Ru.
  1710 | D:3      | Noticed Grinder
  1710 | D:3      | Paralysed by Grinder for 6 turns
  1719 | D:3      | Paralysed by Grinder for 4 turns
  1729 | D:3      | Killed from afar by Grinder

Illustrated notes

Levels and vault maps discovered:
D:1:      mrwooster_arrival_statue_2, layout_basic, kennysheep_nondescript
D:2:      layout_rooms, gammafunk_temple_overflow_elements
D:3:      layout_basic, nicolae_ru_awakened_eye,
          chequers_ecumenical_altar_simple, grunt_ministairs_7, fedhas_altar_3,
          uniq_grinder

Skill      XL: |  1  2  3 |
---------------+----------+-----
Short Blades   | 2 3 |  3.2
Fighting       | 2 |  2.5
Throwing       | |  1.7
Dodging        | |  0.7
Stealth        | |  4.8

Action                   |  1- 3 |  4- 6 || total
-------------------------+-------+-------++-------
Melee: Dagger            |    90 |     2 ||    92
       Bite              |    20 |     1 ||    21
Throw: Dart              |    14 |     9 ||    23
 Stab: Sleeping          |     8 |       ||     8
       Distracted        |     1 |       ||     1
  Eat: Chunk             |     2 |       ||     2
Armor: Robe              |    25 |       ||    25
       Ring mail         |       |     2 ||     2
Dodge: Dodged            |    50 |     1 ||    51
Block: Other             |     9 |       ||     9

Table legend:
 A = Non-vault XP
 B = Vault XP
 C = Vault XP percentage of total XP
 D = Non-vault monster count
 E = Vault monster count
 F = Vault count percentage of total count
                 A         B        C        D         E       F
            +---------+---------+-------+---------+---------+-------
      Total |      84 |       0 |   0.0 |      41 |       0 |   0.0
            +---------+---------+-------+---------+---------+-------
        D:1 |      38 |       0 |   0.0 |      23 |       0 |   0.0
        D:2 |      44 |       0 |   0.0 |      17 |       0 |   0.0
        D:3 |       2 |       0 |   0.0 |       1 |       0 |   0.0
            +---------+---------+-------+---------+---------+-------
